 Dungeon Crawl Stone Soup version 0.24-a0-22-g2a401c0 (console) character file.

Game seed: 12177412111695353326

11236 Duffy the Blocker (level 11, -1/94 HPs)
             Began as a Naga Fighter on Feb 1, 2019.
             Was an Elder of Cheibriados.
             Killed by divine providence
             ... invoked by an orc priest
              (10 damage)
             ... on level 11 of the Dungeon.
             The game lasted 00:12:31 (12375 turns).

Duffy the Blocker (Naga Fighter)                   Turns: 12375, Time: 00:12:32

Health: -1/94      AC: 12    Str: 30    XL:     11   Next: 74%
Magic:  17/17      EV:  8    Int: 17    God:    Cheibriados [****..]
Gold:   528        SH: 13    Dex: 21    Spells: 10/10 levels left

rFire    + . .     SeeInvis +   D - +1 whip (elec)
rCold    + . .     Gourm    .   c - +0 shield
rNeg     . . .     Faith    .   w - +4 ring mail
rPois    +         Spirit   .   (no helmet)
rElec    .         Reflect  .   m - scarf {rC+ rF+}
rCorr    .         Harm     .   (no gloves)
MR       +....                  (no barding)
Stlth    +.........             (no amulet)
HPRegen  0.25/turn              (no ring)
MPRegen  0.15/turn              (no ring)

@: studying Stealth, very slow
A: large, see invisible, deformed body, poison resistance, slowness 2, slow
metabolism 1, spit poison 1, AC +3
a: Spit Poison, Bend Time, Temporal Distortion, Slouch, Renounce Religion


You were on level 11 of the Dungeon.
You worshipped Cheibriados.
Cheibriados was greatly pleased with you.
You were not hungry.

You visited 2 branches of the dungeon, and saw 12 of its levels.

You collected 612 gold pieces.
You spent 84 gold pieces at shops.

Inventory:

Hand Weapons
 a - a +0 war axe
 D - a +1 whip of electrocution (weapon)
 M - a +4 blowgun
Missiles
 n - a throwing net (quivered)
 N - 10 curare-tipped needles
Armour
 b - a +0 scale mail
 c - a +0 shield (worn)
 d - a +1 pair of gloves
 m - a scarf of resistance (worn)
 o - a +2 ring mail of cold resistance
 q - a +1 ring mail of cold resistance
 w - a +4 ring mail (worn)
 F - a +0 cloak
Jewellery
 p - an uncursed ring of ice
Wands
 C - a wand of paralysis (16)
 H - a wand of disintegration (21)
 O - a wand of digging (6)
Scrolls
 e - a scroll of fear
 h - 4 scrolls of noise
 i - a scroll of magic mapping {unknown}
 j - 3 scrolls of fog
 l - 3 scrolls of remove curse
 s - a scroll of immolation {unknown}
 t - 4 scrolls of enchant armour
 u - 6 scrolls of teleportation
 y - a scroll of blinking {unknown}
 J - a scroll of vulnerability {unknown}
 K - a scroll of enchant weapon {unknown}
Potions
 g - 2 potions of haste
 k - a potion of mutation
 r - a potion of heal wounds
 v - 2 potions of agility
 x - 2 potions of lignification
 z - 4 potions of flight
 A - a potion of resistance
 B - 5 potions of curing
 G - a potion of degeneration
 I - a potion of might
Books
 E - a manual of Stealth
Comestibles
 f - 17 rations


   Skills:
 - Level 5.0 Fighting
 - Level 8.0 Axes
 + Level 8.4 Armour
 - Level 9.0 Shields
 - Level 9.0 Invocations


You had 10 spell levels left.
You didn't know any spells.
Your spell library contained the following spells:

 Spells                   Type           Power        Failure   Level  Hunger
 Corona                   Hex            #......      32%         1    ##.....
 Ensorcelled Hibernation  Hex/Ice        #.....       43%         2    ###....
 Confuse                  Hex            #.......     67%         3    ####...
 Dazzling Spray           Conj/Hex       #.....       67%         3    ####...
 Tukima's Dance           Hex            #.......     67%         3    ####...


Dungeon Overview and Level Annotations

Branches:
Dungeon (11/15)            Temple (1/1) D:4            Lair (0/6) D:9
    Orc (0/2) D:11

Altars:
Ashenzari
Cheibriados
Dithmenos
Elyvilon
Fedhas
Gozag
Hepliaklqana
Kikubaaqudgha
Makhleb
Nemelex Xobeh
Okawaru
Qazlal
Ru
Sif Muna
Trog
Uskayaw
Vehumet
Wu Jian
Xom
Yredelemnul
Zin
The Shining One

Shops:
D:4 *   D:6 !

Annotations:
D:7 1 exclusion


Innate Abilities, Weirdness & Mutations

You cannot wear boots.
Your serpentine skin is tough. (AC +3)
You have supernaturally acute eyesight. (SInv)
Armour fits poorly on your strangely shaped body.
Your system is resistant to poisons. (rPois)
You cover ground very slowly.
You have a slow metabolism.
You can spit poison.


Message History

Cheibriados thoroughly appreciates the change of pace.
The orc priest looks braver for a moment.
You barely miss the orc. You block the orc's attack.
You hit the orc.
The orc is heavily wounded.
You hit the orc. Lightning courses through the orc!
You kill the orc!
Cheibriados appreciates the change of pace.
You hit the orc priest.
The orc priest is moderately wounded.
The orc priest mumbles some strange prayers to Beogh against you.
Beogh smites you!
You whack the orc priest!
The orc priest is almost dead.
You block the orc priest's attack.
You closely miss the orc priest.
The orc priest is almost dead.
The orc priest invokes the aid of Beogh against you.
Beogh smites you!
You die...

##### #.... #.#######
#.### #....>..# #.# #.#
#.# #@# #.# #o# #.#
#)##### #.# # #.....## #.#
#.######.###..#### #.#
........)........#####.###
..##.o...........##.......
..##....##.............##.
......%.##........#...###.


You could see an orc priest.

Vanquished Creatures
  Snorg (D:11)
  A two-headed ogre (D:11)
  Sonja (D:10)
  Urug (D:11)
  2 deep elf magi
  Maurice (D:10)
  A troll (D:9)
  A hippogriff (D:6)
  5 yaks (D:9)
  Sigmund (D:3)
  A wyvern (D:8)
  2 hungry ghosts
  A human (D:11)
  2 wargs (D:11)
  3 porcupines (D:9)
  A water moccasin (D:10)
  A black bear (D:6)
  2 orc warriors
  2 ice beasts
  A phantom (D:6)
  A sky beast (D:8)
  5 ogres
  3 centaurs
  3 crocodiles (D:9)
  3 big kobolds
  3 bullfrogs
  A gnoll sergeant (D:9)
  A wyvern skeleton (D:6)
  5 scorpions
  12 killer bees
  8 wights
  4 crimson imps
  2 bullfrog zombies
  A quasit (D:8)
  6 hounds
  4 jellies
  8 orc priests
  2 bullfrog skeletons (D:7)
  5 iguanas
  Ijyb (D:5)
  18 orc wizards
  7 worker ants
  2 hound zombies
  A howler monkey zombie (D:6)
  A worker ant zombie (D:7)
  5 gnolls
  7 adders
  A shadow imp (D:11)
  6 oozes
  2 adder zombies (D:6)
  2 adder skeletons
  2 worms (D:3)
  4 leopard geckos
  47 orcs
  5 ball pythons
  6 giant cockroaches
  10 goblins
  7 hobgoblins
  3 jackals (D:4)
  17 kobolds
  3 quokkas
  10 bats
  3 frilled lizards (D:1)
  2 quokka zombies
  10 rats
290 creatures vanquished.

Vanquished Creatures (others)
  A bush (D:9)
  4 fungi (D:9)
  8 plants (D:9)
13 creatures vanquished.

Grand Total: 303 creatures vanquished

Notes
Turn   | Place    | Note
-------+----------+-------------------------------------------
     0 | D:1      | Duffy the Naga Fighter began the quest for the Orb.
     0 | D:1      | Reached XP level 1. HP: 21/21 MP: 1/1
    77 | D:1      | Reached XP level 2. HP: 21/28 MP: 2/2
   763 | D:1      | Reached XP level 3. HP: 32/34 MP: 3/3
  1689 | D:3      | Reached XP level 4. HP: 30/42 MP: 4/4
  1806 | D:3      | Noticed Sigmund
  1828 | D:3      | Killed Sigmund
  1828 | D:3      | Reached XP level 5. HP: 16/49 MP: 5/5
  2158 | D:3      | Reached XP level 6. HP: 54/56 MP: 6/6
  3028 | D:4      | Reached skill level 5 in Axes
  3192 | D:4      | Reached XP level 7. HP: 51/62 MP: 7/7
  3492 | D:4      | Reached skill level 5 in Shields
  3493 | D:4      | Found Emnano's Lightly-Used Armoury.
  3691 | D:4      | Found a staircase to the Ecumenical Temple.
  3710 | Temple   | Entered the Ecumenical Temple
  3792 | Temple   | Became a worshipper of Cheibriados the Contemplative
  4269 | D:5      | Entered Level 5 of the Dungeon
  4362 | D:5      | Noticed Ijyb
  4369 | D:5      | Killed Ijyb
  4544 | D:5      | Reached * piety under Cheibriados
  4545 | D:5      | Reached XP level 8. HP: 42/69 MP: 8/8
  5383 | D:6      | Found Awnet's Distillery.
  5392 | D:6      | Bought a potion of curing for 42 gold pieces
  5392 | D:6      | Bought a potion of flight for 42 gold pieces
  5800 | D:6      | Reached ** piety under Cheibriados
  5807 | D:6      | Noticed a hippogriff
  5818 | D:6      | Killed a hippogriff
  5818 | D:6      | Reached XP level 9. HP: 50/75 MP: 9/9
  5939 | D:6      | Noticed a deep elf mage
  5959 | D:6      | Killed a deep elf mage
  7179 | D:7      | Reached *** piety under Cheibriados
  7517 | D:7      | Found a glowing golden altar of the Shining One.
  7832 | D:8      | Reached XP level 10. HP: 62/87 MP: 10/10
  7856 | D:8      | Reached skill level 5 in Fighting
  8194 | D:8      | Reached skill level 1 in Invocations
  8879 | D:9      | Reached **** piety under Cheibriados
  8879 | D:9      | Reached skill level 5 in Armour
  9602 | D:9      | Got an encrusted long sword
  9613 | D:9      | Found a staircase to the Lair.
  9640 | D:9      | Reached skill level 5 in Invocations
  9662 | D:9      | Reached ***** piety under Cheibriados
 10445 | D:9      | Reached XP level 11. HP: 91/94 MP: 15/15
 10632 | D:10     | Entered Level 10 of the Dungeon
 10661 | D:10     | Noticed a deep elf mage
 10673 | D:10     | Killed a deep elf mage
 10916 | D:10     | Noticed Maurice
 10941 | D:10     | Killed Maurice
 11308 | D:10     | Noticed Sonja
 11311 | D:10     | Killed Sonja
 11475 | D:10     | Found a shattered altar of Ashenzari.
 11797 | D:11     | Noticed Urug
 11804 | D:11     | Was placed under penance by Cheibriados
 11815 | D:11     | Killed Urug
 12022 | D:11     | Paralysed by the meddling of Cheibriados for 3 turns
 12112 | D:11     | Noticed a two-headed ogre
 12112 | D:11     | Was forgiven by Cheibriados
 12122 | D:11     | Killed a two-headed ogre
 12323 | D:11     | Found a staircase to the Orcish Mines.
 12330 | D:11     | Noticed Snorg
 12345 | D:11     | Killed Snorg
 12375 | D:11     | Killed from afar by an orc priest

Vault maps used:
D:1:      dpeg_arrival_simpleton_c, minmay_distorted
D:3:      uniq_sigmund
D:4:      minmay_temple_entry_water_ring, grunt_ministairs_12,
          minmay_shop_damaged, chequers_hall_statues_corner_a
D:5:      first_ration, uniq_ijyb
D:6:      serial_shops, nicolae_shop_crystal, minmay_manual_mullet
D:7:      cheibrodos_two_vegetables, nicolae_tso_carved_into_rock
D:9:      minmay_lair_entry_grove, hangedman_little_slice_of_home,
          minmay_chambers_of_fives
D:10:     st_stairs_8, corexii_hall_statues_x, hangedman_decor_clover_reticule,
          nicolae_ashenzari_panopticon, uniq_sonja, uniq_maurice
D:11:     erik_orc_4, uniq_urug, uniq_snorg
Temple:   dpeg_three_leaves_temple

Skill      XL: |  1  2  3  4  5  6  7  8  9 10 11 |
---------------+----------------------------------+-----
Shields        | 3 4 5 7 9 |  9.0
Axes           | 3 4 5 6 8 |  8.0
Armour         | 3 6 8 |  8.4
Fighting       | 4 5 |  5.0
Invocations    | 6 9 |  9.0

Action                   |  1- 3 |  4- 6 |  7- 9 | 10-12 || total
-------------------------+-------+-------+-------+-------++-------
Melee: War axe           |   128 |   121 |   345 |       ||   594
       Whip              |       |       |    47 |   435 ||   482
Throw: Throwing net      |       |       |     3 |       ||     3
Invok: Bend Time         |       |       |     1 |       ||     1
       Slouch            |       |       |       |     5 ||     5
       Temporal Distorti |       |       |       |     1 ||     1
 Abil: Spit Poison       |       |     7 |     7 |     4 ||    18
Evoke: Wand              |       |       |       |     4 ||     4
  Use: Potion            |       |       |     1 |     3 ||     4
       Scroll            |       |       |    14 |     4 ||    18
 Stab: Distracted        |       |       |       |     1 ||     1
       Confused          |       |       |       |     2 ||     2
  Eat: Chunk             |     2 |     4 |    11 |     8 ||    25
       Ration            |       |       |       |     2 ||     2
Armor: Scale mail        |    68 |       |       |       ||    68
       Ring mail         |    14 |    45 |   153 |   150 ||   362
       Skin              |       |       |       |    17 ||    17
Dodge: Dodged            |    39 |    40 |   121 |   109 ||   309
Block: Shield            |    85 |    54 |   269 |   332 ||   740

Table legend:
 A = Non-vault XP
 B = Vault XP
 C = Vault XP percentage of total XP
 D = Non-vault monster count
 E = Vault monster count
 F = Vault count percentage of total count
                 A         B        C        D         E       F
            +---------+---------+-------+---------+---------+-------
      Total |    8363 |    7689 |  47.9 |     230 |      60 |  20.7
            +---------+---------+-------+---------+---------+-------
        D:1 |      41 |       5 |  10.9 |      25 |       3 |  10.7
        D:2 |      24 |       0 |   0.0 |      13 |       0 |   0.0
        D:3 |      65 |     205 |  75.9 |      20 |       1 |   4.8
        D:4 |     616 |      39 |   6.0 |      35 |       1 |   2.8
        D:5 |     325 |      36 |  10.0 |      11 |       1 |   8.3
        D:6 |     769 |    1064 |  58.0 |      20 |       8 |  28.6
        D:7 |    1358 |       0 |   0.0 |      32 |       0 |   0.0
        D:8 |    1355 |      70 |   4.9 |      28 |       1 |   3.4
        D:9 |    1299 |    2262 |  63.5 |      26 |      24 |  48.0
       D:10 |    1409 |    1364 |  49.2 |      15 |       3 |  16.7
       D:11 |    1102 |    2644 |  70.6 |       5 |      18 |  78.3
            +---------+---------+-------+---------+---------+-------
